 Dungeon Crawl Stone Soup version 0.27.1-2-g3b301248ec (webtiles) character file.

Game seed: 10192009095998637132

9 Descartes the Sneak (level 2, -7/16 HPs)
             Began as a Spriggan Delver on Sept 24, 2021.
             Mangled by a river rat (9 damage)
             ... in a sewer.
             The game lasted 00:00:31 (42 turns).

Descartes the Sneak (Spriggan Delver)                 Turns: 42, Time: 00:00:32

Health: -7/16      AC:  2    Str:  8    XL:     2   Next: 3%
Magic:  3/3        EV: 17    Int: 11    God:
Gold:   0          SH:  0    Dex: 16    Spells: 1/1 levels left

rFire    . . .     SeeInvis +   a - +0 short sword
rCold    . . .     Faith    .   (shield restricted)
rNeg     . . .     Spirit   .   b - +0 robe
rPois    .         Reflect  .   (helmet restricted)
rElec    .         Harm     .   (no cloak)
rCorr    .         Rampage  .   (gloves unavailable)
Will     .....                  (boots unavailable)
Stlth    ++++......             (no amulet)
HPRegen  0.05/turn              (no ring)
MPRegen  0.08/turn              (no ring)

@: hasted, very quick
A: very small, no large weapons, unfitting armour, see invisible, speed 3
a: no special abilities


You were in a sewer.
You visited 1 branch of the dungeon, and saw 1 of its levels.
You also visited: Sewer.

Inventory:

Hand Weapons
 a - a +0 short sword (weapon)
Armour
 b - a +0 robe (worn)
Wands
 g - a wand of digging (3)
Scrolls
 c - a scroll of fog
 d - a scroll of identify {unknown}
 e - a scroll of fear


   Skills:
 - Level 2.4 Fighting
 + Level 2.5 Short Blades
 + Level 3.1 Dodging
 + Level 7.4 Stealth


You had one spell level left.
You didn't know any spells.
Your spell library was empty.

Dungeon Overview and Level Annotations

Branches:
Dungeon (5/15)              Sewer (1/1)
 Temple: D:4-7

Altars:


Innate Abilities, Weirdness & Mutations

You are very small and have problems with some larger weapons.
You are too small for most types of armour.
You have supernaturally acute eyesight. (SInv)
You cover ground extremely quickly. (Speed+++)


Message History

Your unstable footing causes you to fumble your attack.
The hound bites you. The adder barely misses you.
You hit the adder.
The adder is almost dead.
The hound completely misses you. The adder barely misses you.
The hound splashes around in the water.
Your unstable footing causes you to fumble your attack.
The adder barely misses you. The hound bites you.
You miss the adder.
The adder is almost dead.
The hound barely misses you. The adder misses you. The hound bites you.
The adder closely misses you.
You hit the adder.
You kill the adder!
The hound barely misses you.
Your Dodging skill increases to level 3!
You have reached level 2!
The hound misses you.
There is a glowing drain here.
The hound barely misses you.
The world spins around you as you enter the gateway.
You enter a sewer!
Found a gate leading back out of this place.
There is an empty arch of ancient stone here.
You hit the river rat.
The river rat is lightly wounded.
The river rat barely misses you.
You closely miss the river rat.
The river rat is lightly wounded.
The river rat barely misses you.
You hit the river rat but do no damage.
The river rat is lightly wounded.
The river rat bites you.
* * * LOW HITPOINT WARNING * * *
You barely miss the river rat.
The river rat is lightly wounded.
The river rat completely misses you.
You feel yourself speed up. The river rat bites you!
Ouch! That really hurt!
You die... ################ ≈≈..rrr@∩.∩r..r# ################

You could see 2 river rats and 3 rats.

Vanquished Creatures
  An adder (D:5)
1 creature vanquished.

Notes
Turn   | Place    | Note
-------+----------+-------------------------------------------
     0 | D:5      | Descartes the Spriggan Delver began the quest for the Orb.
     0 | D:5      | Reached XP level 1. HP: 11/11 MP: 2/2
    15 | D:5      | Noticed a hound
    18 | D:5      | Found a glowing drain.
    29 | D:5      | Reached XP level 2. HP: 6/16 MP: 3/3
    36 | Sewer    | Entered a sewer
    42 | Sewer    | Mangled by a river rat

Illustrated notes

Levels and vault maps discovered:
D:5:      layout_rooms, lemuel_coloured_pillars_altar, portal_sewer_entry_d
Sewer:    sewer_kobolds

Skill      XL: |  1 |
---------------+----+-----
Dodging        | 3 |  3.1
Fighting       | |  2.4
Short Blades   | |  2.5
Stealth        | |  7.4

Action                   || total
-------------------------++-------
Melee: Short sword       ||    13
  Use: Scroll            ||     1
       Potion            ||     1
Dodge: Dodged            ||    20
